 Dungeon Crawl Stone Soup version 0.29-a0-397-g846e4a0bbc (webtiles) character file.

Game seed: 417826565485423112

8410 zazu2006 the Covert (level 11, -2/99 HPs)
             Began as a Naga Hedge Wizard on May 12, 2022.
             Was a Follower of Vehumet.
             Slain by a yak (7 damage)
             ... on level 1 of the Lair of Beasts.
             The game lasted 00:33:31 (17731 turns).

zazu2006 the Covert (Naga Hedge Wizard)            Turns: 17731, Time: 00:33:32

Health: -2/99      AC:  4    Str: 21    XL:     11   Next: 30%
Magic:  16/21      EV: 11    Int: 16    God:    Vehumet [*.....]
Gold:   483        SH:  0    Dex: 11    Spells: 15/24 levels left

rFire   . . .      SeeInvis +   J - +6 hand axe "Dodic" {vorpal, *Slow rF- rN+++ rCorr}
rCold   . . .      Faith    .   (no shield)
rNeg    + + +      Spirit   .   b - +0 robe
rPois   +          Reflect  .   c - +0 hat
rElec   .          Harm     .   (no cloak)
rCorr   +          Rampage  .   (no gloves)
Will    +....                   (no barding)
Stlth   +++++.....              (no amulet)
HPRegen 0.26/turn               m - +6 ring of strength
MPRegen 0.17/turn               B - ring of protection from fire

@: very slightly contaminated, studying Axes, very slow
A: AC +3, large, see invisible, deformed body, poison resistance, slowness 2,
spit poison 1, naga tail 1
a: Spit Poison, Renounce Religion


You were on level 1 of the Lair of Beasts.
You worshipped Vehumet.
Vehumet was aware of your devotion.
You visited 3 branches of the dungeon, and saw 12 of its levels.

You collected 483 gold pieces.

Inventory:

Hand Weapons
 g - a +3 dagger of venom
 J - the +6 hand axe "Dodic" (weapon) {vorpal, *Slow rF- rN+++ rCorr}
   (You found it on level 10 of the Dungeon)

   It inflicts extra damage upon your enemies.
   rF:        It makes you vulnerable to fire.
   rN:        It renders you almost immune to negative energy.
   rCorr:     It protects you from acid and corrosion.
   *Slow:     It may slow you when you take damage.
 K - a +0 long sword of holy wrath
Missiles
 A - a throwing net
Armour
 b - a +0 robe (worn)
 c - a +0 hat (worn)
 D - a +0 buckler
 H - the +4 robe of Folly {Brilliance Will-∞ Int+8}
   (You found it on level 8 of the Dungeon)

   It increases the power of your magical spells.
   It halves the magic cost of your spells (rounding up).
   It reduces your willpower to zero.
   Int:       It affects your intelligence (+8).
Jewellery
 m - a +6 ring of strength (left hand)
 s - a ring of positive energy
 B - a ring of protection from fire (right hand)
 F - a ring of fire
 I - a +6 ring of intelligence
Wands
 E - a wand of flame (8)
Scrolls
 e - a scroll of magic mapping
 f - a scroll of identify
 h - a scroll of torment
 n - 6 scrolls of teleportation
 o - 2 scrolls of silence {unknown}
 p - 2 scrolls of fear
 t - a scroll of enchant weapon
 v - a scroll of poison
 x - 4 scrolls of fog {unknown}
 y - 2 scrolls of vulnerability {unknown}
 z - 3 scrolls of immolation {unknown}
 C - 2 scrolls of amnesia {unknown}
Potions
 a - 3 potions of cancellation
 d - a potion of magic
 i - 2 potions of flight
 j - 6 potions of curing
 k - 2 potions of haste
 l - 2 potions of might
 q - 3 potions of lignification
 r - 5 potions of attraction
 u - 2 potions of brilliance
 w - a potion of ambrosia
 G - a potion of mutation


   Skills:
 + Level 6.5 Fighting
 + Level 1.1 Axes
 + Level 5.6 Dodging
 + Level 12.7 Stealth
 * Level 2.1 Shields
 + Level 7.1 Spellcasting
 + Level 6.0 Conjurations
 + Level 1.0 Summonings
 + Level 1.3 Translocations
 + Level 0.1 Fire Magic
 + Level 3.9 Air Magic
 + Level 6.6 Poison Magic
 + Level 2.2 Evocations


You had 15 spell levels left.
You knew the following spells:

 Your Spells              Type           Power      Damage    Failure   Level
a - Magic Dart            Conj           100%       1d8       1%          1
b - Mephitic Cloud        Conj/Pois/Air  23%        N/A       3%          3
c - Conjure Flame         Conj/Fire      15%        6-21      11%         3
d - Blink                 Tloc           20%        N/A       11%         2

Your spell library contained the following spells:

 Spells                   Type           Power      Damage    Failure   Level
 Sandblast                Erth           10%        2d5       12%         1
 Foxfire                  Conj/Fire      60%        2x1d7     3%          1
 Apportation              Tloc           20%        N/A       7%          1
 Summon Small Mammal      Summ           32%        N/A       9%          1
 Corpse Rot               Necr/Air       24%        N/A       9%          2
 Slow                     Hex            20%        N/A       12%         1
 Call Imp                 Summ           8%         N/A       12%         2
 Call Canine Familiar     Summ           8%         N/A       24%         3
 Summon Guardian Golem    Hex/Summ       7%         N/A       30%         3
 Inner Flame              Hex/Fire       5%         N/A       34%         3
 Flame Wave               Conj/Fire      15%        2d6       34%         4
 Tukima's Dance           Hex            5%         N/A       36%         3
 Passage of Golubria      Tloc           10%        N/A       56%         4
 Alistair's Intoxication  Tmut/Pois      10%        N/A       65%         5
 Anguish                  Hex/Necr       2%         N/A       77%         4
 Dispel Undead            Necr           5%         3d7       77%         4
 Silence                  Hex/Air        6%         N/A       83%         5
 Summon Forest            Summ/Tloc      4%         N/A       91%         5
 Summon Mana Viper        Hex/Summ       7%         N/A       95%         5
 Death Channel            Necr           2%         N/A       100%        6
 Summon Cactus Giant      Summ           4%         N/A       100%        6
 Enfeeble                 Hex            2%         N/A       100%        7
 Lehudib's Crystal Spear  Conj/Erth      7%         10d3      100%        8


Dungeon Overview and Level Annotations

Branches:
Dungeon (10/15)            Temple (1/1) D:7            Lair (1/6) D:8
    Orc: D:9-12

Altars:
Ashenzari
Cheibriados
Elyvilon
Gozag
Makhleb
Nemelex Xobeh
Okawaru
Ru
Sif Muna
Trog
Uskayaw
Vehumet
Wu Jian
Yredelemnul
The Shining One

Shops:
D:7 (

Annotations:
D:4 1 runed translucent door, domi's ghost, amateur DsWz
D:8 exclusion: obsidian statue
D:9 2 transporters, Sweetruy1997's ghost, novice PaFi
Lair:1 Grum; Joseph


Innate Abilities, Weirdness & Mutations

Your serpentine skin is tough. (AC +3)
You have supernaturally acute eyesight. (SInv)
Armour fits poorly on your strangely shaped body.
Your system is resistant to poisons. (rPois)
You cover ground very slowly.
You can spit poison.
You have a snake-like lower body.


Message History

You climb downwards.
Welcome back to the Lair of Beasts!
Level annotation: Grum; Joseph The wolf bites you!
Grum closely misses you. The yak barely misses you. The yak gores you!
The wolf bites you. The yak gores you. The yak barely misses you.
Grum hits you with a +1 spear! The komodo dragon barely misses you.
There is a staircase back to the Dungeon, spattered with blood here.
Casting: Mephitic Cloud (mildly dangerous; 3% risk of failure)
Confirm with . or Enter, or press ? or * to list all spells.
Aiming: Mephitic Cloud (mildly dangerous; 3% risk of failure)
Press: ? - help, Shift-Dir - straight line, f - you The ball explodes into a vile cloud!
The stinking cloud engulfs you but does no damage.
The stinking cloud engulfs the yak but does no damage.
The stinking cloud engulfs the wolf but does no damage.
The stinking cloud engulfs the komodo dragon but does no damage.
The stinking cloud engulfs the yak but does no damage.
The stinking cloud engulfs Grum but does no damage.
The wolf is engulfed in noxious fumes.
The wolf appears confused.
The wolf bites you.
The wolf is engulfed in noxious fumes.
The wolf appears confused.
The wolf bites the yak!
The yak is engulfed in noxious fumes.
The yak appears confused.
The yak gores you but does no damage.
Grum is engulfed in noxious fumes.
Grum zaps a wand.
The puff of flame hits you! The komodo dragon bites you!!
* * * LOW HITPOINT WARNING * * *
Unknown command.
Unknown command.
Unknown command.
Casting: Mephitic Cloud (mildly dangerous; 3% risk of failure)
Confirm with . or Enter, or press ? or * to list all spells.
You miscast Blink.
You are very lightly contaminated with residual magic.
Nothing appears to happen.
The wolf is engulfed in noxious fumes.
Joseph unwields a +0 quarterstaff.
Joseph wields a +0 hunting sling.
Joseph shoots a sling bullet.
The sling bullet hits you!
* * * LOW HITPOINT WARNING * * *
Grum is engulfed in noxious fumes.
Grum hits you with a +1 spear!
* * * LOW HITPOINT WARNING * * *
The yak gores you!
You die...

.>....
#..@_.
....
#...
#..##
#..P#
#..###
#.○Y.#
#Y@☼##
##lgh.#
##S.##
..# ..#
...
...!
#.>.#


You could see Joseph, a komodo dragon, Grum, 2 yaks, a water moccasin and a wolf
(confused).

Vanquished Creatures
  A two-headed ogre (D:10)
  A deep elf pyromancer (D:10)
  A cyclops (D:8)
  A troll (D:10)
  Prince Ribbit (D:6)
  Sigmund (D:4)
  A wyvern (D:8)
  A wraith (D:10)
  7 yaks
  Menkaure (D:7)
  2 water moccasins (D:8)
  3 orc warriors
  3 ice beasts
  3 black bears
  2 wolves (D:8)
  4 centaurs
  An ogre (D:4)
  2 kobold brigands (D:9)
  3 necrophages
  A gnoll sergeant (D:6)
  4 scorpions
  2 bullfrogs
  A wight (D:8)
  16 killer bees
  6 howler monkeys
  5 electric eels (D:9)
  A spectral centaur (D:9)
  2 centaur zombies (D:9)
  A quasit (D:5)
  11 orc priests
  A centaur skeleton (D:9)
  A gnoll shaman (D:9)
  4 hounds
  4 iguanas
  13 orc wizards
  A howler monkey skeleton (D:9)
  2 adders
  7 gnolls
  An ufetubus (D:7)
  A worm (D:2)
  2 dart slugs (D:1)
  33 orcs
  3 ball pythons
  7 endoplasms
  3 giant cockroaches
  12 goblins
  7 hobgoblins
  A quokka (D:1)
  3 bats
  4 frilled lizards
  2 goblin skeletons (D:5)
  4 hobgoblin zombies (D:5)
  10 kobolds
  A kobold zombie (D:5)
  4 orc skeletons (D:5)
  6 rats
226 creatures vanquished.

Vanquished Creatures (collateral kills)
  4 wights (D:8)
  A killer bee (D:9)
5 creatures vanquished.

Vanquished Creatures (others)
  3 electric eels (D:9)
  A plant (Lair:1)
4 creatures vanquished.

Grand Total: 235 creatures vanquished

Notes
Turn   | Place    | Note
-------+----------+-------------------------------------------
     0 | D:1      | zazu2006 the Naga Hedge Wizard began the quest for the Orb.
     0 | D:1      | Reached XP level 1. HP: 15/15 MP: 4/4
   472 | D:1      | Reached XP level 2. HP: 14/22 MP: 4/6
  1103 | D:1      | Reached XP level 3. HP: 28/28 MP: 2/8
  1743 | D:2      | Reached XP level 4. HP: 36/36 MP: 5/9
  2023 | D:2      | Learned a level 3 spell: Mephitic Cloud
  2027 | D:2      | Learned a level 3 spell: Conjure Flame
  2030 | D:2      | Learned a level 2 spell: Blink
  2147 | D:2      | Found a faded altar of an unknown god.
  3024 | D:3      | Reached XP level 5. HP: 38/43 MP: 11/11
  3029 | D:3      | Reached skill level 1 in Poison Magic
  3655 | D:3      | Found an ornate altar of the Wu Jian Council.
  3926 | D:4      | Reached skill level 1 in Fighting
  3926 | D:4      | Reached skill level 4 in Stealth
  3926 | D:4      | Reached XP level 6. HP: 51/51 MP: 12/12
  3931 | D:4      | Found a runed translucent door.
  3964 | D:4      | Found a white marble altar of Elyvilon.
  4075 | D:4      | Noticed Sigmund
  4091 | D:4      | Killed Sigmund
  4092 | D:4      | Reached skill level 5 in Stealth
  4252 | D:4      | Reached XP level 7. HP: 57/57 MP: 14/14
  4289 | D:4      | Found a broken altar of Ashenzari.
  4534 | D:4      | Noticed domi's ghost (amateur DsWz)
  4542 | D:4      | Found an iron altar of Okawaru.
  4563 | D:4      | Reached skill level 6 in Stealth
  4571 | D:4      | Reached skill level 1 in Air Magic
  5531 | D:5      | Entered Level 5 of the Dungeon
  5567 | D:5      | Reached skill level 7 in Stealth
  5631 | D:5      | Reached XP level 8. HP: 53/67 MP: 11/15
  5677 | D:5      | Reached skill level 8 in Stealth
  5857 | D:5      | Reached skill level 5 in Spellcasting
  6562 | D:5      | Reached skill level 9 in Stealth
  6637 | D:5      | Found a glowing golden altar of the Shining One.
  7163 | D:6      | Reached skill level 5 in Poison Magic
  7384 | D:6      | Noticed Prince Ribbit
  7398 | D:6      | Killed Prince Ribbit
  7399 | D:6      | Reached skill level 10 in Stealth
  7399 | D:6      | Reached XP level 9. HP: 54/76 MP: 12/17
  8017 | D:6      | Found an opulent altar of Gozag.
  8233 | D:7      | Found Raumn's Weapon Emporium.
  8234 | D:7      | Noticed Menkaure
  8237 | D:7      | Killed Menkaure
  8622 | D:7      | Found a staircase to the Ecumenical Temple.
  8631 | D:7      | Found a basalt altar of Yredelemnul.
  8637 | Temple   | Entered the Ecumenical Temple
  8691 | Temple   | Became a worshipper of Vehumet
  9856 | D:8      | Found a staircase to the Lair.
 10103 | D:8      | Reached skill level 5 in Fighting
 10550 | D:8      | Reached skill level 11 in Stealth
 10806 | D:8      | Noticed an obsidian statue
 10841 | D:8      | Found a sparkling altar of Nemelex Xobeh.
 10862 | D:8      | Noticed a cyclops
 10882 | D:8      | Killed a cyclops
 10883 | D:8      | Reached skill level 5 in Conjurations
 10883 | D:8      | Reached XP level 10. HP: 30/91 MP: 9/19
 11420 | D:8      | Found the +4 robe of Folly {Brilliance Will-∞ Int+8}
 11755 | D:8      | Found a burning altar of Makhleb.
 11755 | D:8      | Noticed a balrug
 11758 | D:8      | Noticed a smoke demon
 12214 | Lair:1   | Entered Level 1 of the Lair of Beasts
 12214 | Lair:1   | Found a snail-covered altar of Cheibriados.
 12216 | Lair:1   | Noticed Joseph
 12268 | D:9      | Reached skill level 1 in Evocations
 12566 | D:9      | Reached skill level 5 in Dodging
 12735 | D:9      | Reached * piety under Vehumet
 12735 | D:9      | Offered knowledge of Sandblast by Vehumet.
 13215 | D:9      | Found a shimmering blue altar of Sif Muna.
 13681 | D:9      | Found a transporter.
 13683 | D:9      | Noticed a two-headed ogre
 13694 | D:9      | Reached skill level 12 in Stealth
 13972 | D:9      | Noticed a tengu warrior
 13973 | D:9      | Noticed Sweetruy1997's ghost (novice PaFi)
 13977 | D:9      | Found a bloodstained altar of Trog.
 13984 | D:9      | Found a transporter.
 13984 | D:9      | Noticed a moth of wrath
 15029 | D:10     | Entered Level 10 of the Dungeon
 15168 | D:10     | Noticed a two-headed ogre
 15190 | D:10     | Killed a two-headed ogre
 15496 | D:10     | Noticed a +0 short sword
 15496 | D:10     | Noticed a +0 spear
 15496 | D:10     | Noticed a +0 dagger
 15497 | D:10     | Noticed a +0 falchion
 15497 | D:10     | Noticed a +0 spear
 15497 | D:10     | Noticed a +0 short sword
 15498 | D:10     | Noticed a +0 falchion
 15499 | D:10     | Noticed a +0 dagger
 15503 | D:10     | Found a hide-covered altar of Uskayaw.
 15599 | D:10     | Reached XP level 11. HP: 38/97 MP: 10/21
 16112 | D:10     | Identified the +6 hand axe "Dodic" {vorpal, *Slow rF- rN+++
                  | rCorr}
 16242 | D:10     | Noticed a deep elf pyromancer
 16251 | D:10     | Killed a deep elf pyromancer
 16252 | D:10     | Reached skill level 1 in Shields
 17354 | Lair:1   | Noticed Grum
 17587 | D:8      | Reached skill level 1 in Axes
 17731 | Lair:1   | Slain by a yak

Illustrated notes

Levels and vault maps discovered:
D:1:      minmay_arrival_open_corners, layout_rooms, serial_glass,
          glass_columns_a, glass_columns_c, glass_columns_a, glass_columns_b,
          glass_columns_a, glass_columns_b, glass_columns_a, glass_columns_a,
          minmay_strange_pillars, serial_park_tiny_pond, minmay_small_reverse_x
D:2:      layout_basic, chequers_ecumenical_altar_simple_redux
D:3:      layout_loops_ring, pdpol_wu_jian_five_deadly_venoms, roderic_lattice_a
D:4:      layout_layer_cave, lemuel_tele_altar, old_standard_altar,
          nicolae_elyvilon_peaceful_grove, ebering_ghost_reflecting_pool,
          minmay_manual_monstrance, uniq_sigmund
D:5:      minmay_evil_eye, layout_basic, nicolae_tso_besieged_by_evil
D:6:      layout_loops_cross, grunt_gozag_breadcrumbs, uniq_prince_ribbit1
D:7:      layout_basic, overflow_temple_1_default, minmay_temple_entry_trees,
          serial_shops, nicolae_square_shop, uniq_menkaure
D:8:      minmay_statue_hallways, layout_layer_cave,
          nemelex_xobeh_ov_fountains_minmay, makhleb_altar_promises_db,
          lair_entry_dummy
D:9:      wad_lake_hut, layout_gridville, kennysheep_orc_sif_temple,
          gammafunk_ghost_wrathful_warriors, hangedman_weighted_door,
          kennysheep_generic_room_5
D:10:     layout_stronghold, nicolae_uskayaw_en_pointe, kennysheep_pointless_box
Temple:   minmay_temple_curvy_loop
Lair:1:   layout_hall_layers, basic_altar, lemuel_fruit_tree, uniq_grum,
          uniq_joseph

Skill      XL: |  1  2  3  4  5  6  7  8  9 10 11 |
---------------+----------------------------------+-----
Conjurations   | 2 3 4 5 6 |  6.0
Spellcasting   | 4 5 6 7 |  7.1
Poison Magic   | 1 2 3 5 6 |  6.6
Fighting       | 1 2 3 5 6 |  6.5
Stealth        | 4 5 7 10 11 12 | 12.7
Dodging        | 2 3 4 5 |  5.6
Air Magic      | 1 2 3 |  3.9
Evocations     | 2 |  2.2
Shields        | 2 |  2.1
Axes           | 1 |  1.1
Summonings     | |  1.0
Translocations | |  1.3
Fire Magic     | |  0.1

Action                   |  1- 3 |  4- 6 |  7- 9 | 10-12 || total
-------------------------+-------+-------+-------+-------++-------
Melee: Dagger            |    14 |    78 |   289 |   176 ||   557
       Punch             |       |     2 |     2 |     7 ||    11
       Hand axe          |       |       |       |    40 ||    40
 Cast: Magic Dart        |    64 |    23 |    51 |    12 ||   150
       Mephitic Cloud    |       |     2 |    21 |    62 ||    85
       Conjure Flame     |       |       |     2 |     2 ||     4
       Blink             |       |       |     1 |     5 ||     6
 Abil: Spit Poison       |    11 |     2 |     9 |    13 ||    35
Evoke: Wand              |       |       |     6 |     9 ||    15
  Use: Scroll            |       |       |     6 |    12 ||    18
       Potion            |       |       |       |     1 ||     1
 Stab: Sleeping          |       |     8 |     9 |     5 ||    22
       Confused          |       |     1 |    11 |    28 ||    40
       Distracted        |       |     1 |       |       ||     1
Armor: Robe              |     2 |     5 |    79 |    64 ||   150
Dodge: Dodged            |    10 |    28 |   173 |   193 ||   404

Table legend: (Time is in decaauts)
 A = Elapsed time spent in this place.
 B = Non-inter-level travel time spent in this place.
 C = Inter-level travel time spent in this place.
 D = Time resting spent in this place.
 E = Time spent auto-exploring this place.
 F = Levels seen in this place.
 G = Mean time per level.
                   A        B        C        D        E       F      G
               +--------+--------+--------+--------+--------+-----+--------+
         Total |  20985 |  20320 |    665 |   2416 |  14910 |  12 | 1748.8 |
       Dungeon |  20834 |  20216 |    618 |   2416 |  14853 |  10 | 2083.4 |
        Temple |    121 |     75 |     46 |      0 |     57 |   1 |  121.0 |
          Lair |     29 |     29 |      0 |      0 |      0 |   1 |   29.0 |
               +--------+--------+--------+--------+--------+-----+--------+

Top non-repeatable levels by time:
     D:8: 4322 daAuts
     D:9: 3217 daAuts
     D:4: 2068 daAuts
     D:7: 1882 daAuts
     D:6: 1718 daAuts
     D:3: 1653 daAuts
    D:10: 1600 daAuts
     D:1: 1501 daAuts
     D:2: 1448 daAuts
     D:5: 1421 daAuts
  Temple: 121 daAuts
  Lair:1: 29 daAuts
